 Dungeon Crawl Stone Soup version 0.21-a0-351-g38363bb (webtiles) character file.

3 paralogiki the Sneak (level 1, -3/9 HPs)
             Began as a Spriggan Enchanter on Oct 10, 2017.
             Killed from afar by a dart slug (4 damage)
             ... with a slug dart
             ... on level 1 of the Dungeon.
             The game lasted 00:01:46 (416 turns).

paralogiki the Sneak (Spriggan Enchanter)            Turns: 416, Time: 00:01:46

Health: -3/9       AC:  2    Str:  4    XL:     1   Next: 41%
Magic:  4/5        EV: 18    Int: 16    God:
Gold:   14         SH:  0    Dex: 16    Spells: 4/5 levels left

rFire    . . .     SeeInvis +   f - -1 dagger (curse)
rCold    . . .     Gourm    .   (shield restricted)
rNeg     . . .     Faith    .   b - +0 robe
rPois    .         Spirit   .   (helmet restricted)
rElec    .         Reflect  .   (no cloak)
rCorr    .         Harm     .   (gloves unavailable)
MR       .....                  (boots unavailable)
Stlth    +++.......             (no amulet)
HPRegen  0.03/turn              (no ring)
MPRegen  0.09/turn              (no ring)

@: very quick
A: unfitting armour, see invisible, herbivore 3, speed 3, slow metabolism 2
a: no special abilities


You were on level 1 of the Dungeon.
You were not hungry.

You visited 1 branch of the dungeon, and saw 1 of its levels.

You collected 14 gold pieces.

Inventory:

Hand Weapons
 a - a +1 dagger
 f - a cursed -1 dagger (weapon)
   (You took it off a goblin on level 1 of the Dungeon)
Armour
 b - a +0 robe (worn)
Scrolls
 e - a scroll of identify {unknown}
Books
 c - a book of Maledictions
Comestibles
 d - a bread ration {@e1}


   Skills:
 * Level 1.2 Short Blades
 * Level 3.1 Dodging
 * Level 4.5 Stealth
 + Level 2.7 Spellcasting
 * Level 3.7 Hexes


You had 4 spell levels left.
You knew the following spells:

 Your Spells              Type           Power        Failure   Level  Hunger
v - Corona                Hex            ##.....      4%          1    #......


Dungeon Overview and Level Annotations

Branches:
Dungeon (1/15)

Altars:


Innate Abilities, Weirdness & Mutations

You are very small and have problems with some larger weapons.
You are too small for most types of armour.
You have supernaturally acute eyesight. (SInv)
You are a herbivore.
You cover ground extremely quickly.
You need consume almost no food.


Message History

A dart slug is nearby!
A dart slug is nearby!
You hit the dart slug but do no damage. The dart slug launches a dart at you.
The slug dart misses you.
You hit the dart slug but do no damage. You hit the dart slug.
The dart slug bites you.
You take 1 damage, and have 8/9 hp.
You hit the dart slug. The dart slug launches a dart at you.
The slug dart hits you!
Ouch! That really hurt!
* * * LOW HITPOINT WARNING * * *
You take 7 damage, and have 1/9 hp.
MASSIVE DAMAGE!!
A frilled lizard comes into view.
You see here a purple potion.
e - a scroll labeled PYTA WYOMIWKIOG A goblin comes into view.
It is wielding an enchanted dagger.
The goblin shouts!
You aren't carrying any items that you can evoke.
Aim: a goblin, wielding an enchanted dagger (chance to defeat MR: 67%)
The goblin is outlined in light.
You now have 4/5 mp.
MP restored: 5 You start resting.
You regained 4 hp, and now have 6/9 hp.
You aren't carrying any items that you can evoke.
You don't know that spell.
Aim: a goblin, wielding an enchanted dagger (hasn't noticed you, chance to defeat MR: 67%)
You miscast Corona.
You are very lightly contaminated with residual magic.
Your skin glows momentarily.
You now have 4/5 mp.
You hit the goblin. The goblin hits you but does no damage.
You barely miss the goblin. The goblin closely misses you.
You closely miss the goblin. The goblin barely misses you.
You hit the goblin.
You kill the goblin!
Things that are here:
an enchanted dagger; a goblin corpse
f - an enchanted dagger Wield which item (- for none, * to show all)? (? for menu, Esc to quit)
It sticks to your hand!
f - a cursed -1 dagger (weapon)
The frilled lizard is too close now for your liking.
MP restored: 5 An ooze comes into view.
The frilled lizard misses you.
You completely miss the frilled lizard. The frilled lizard bites you.
You take 1 damage, and have 6/9 hp.
The ooze quivers.
You hit the frilled lizard but do no damage.
The frilled lizard barely misses you.
You hit the frilled lizard.
You kill the frilled lizard!
Your magical contamination has completely faded away.
The ooze hits you.
You take 3 damage, and have 3/9 hp.
MASSIVE DAMAGE!!
You hit the ooze. The ooze completely misses you.
You hit the ooze. The ooze misses you.
You hit the ooze but do no damage. The ooze misses you.
You hit the ooze. The ooze hits you.
* * * LOW HITPOINT WARNING * * *
You take 2 damage, and have 1/9 hp.
MASSIVE DAMAGE!!
You start resting.
You regained 2 hp, and now have 4/9 hp.
The ooze quivers.
A rat comes into view.
An ooze comes into view.
You start resting.
The dart slug launches a dart at you. The slug dart hits you!
* * * LOW HITPOINT WARNING * * *
You take 4 damage, and have 1/9 hp.
MASSIVE DAMAGE!!
Aim: a dart slug (chance to defeat MR: 67%)
The dart slug is outlined in light.
The dart slug completely misses you.
You now have 4/5 mp.
You hit the dart slug but do no damage. The dart slug launches a dart at you.
The slug dart misses you.
The slug dart hits the ooze.
You hit the dart slug but do no damage. You hit the dart slug but do no damage.
The dart slug closely misses you.
You hit the dart slug. The dart slug launches a dart at you.
The slug dart misses you.
The slug dart hits the ooze.
The ooze dies!
You hit the dart slug. You hit the dart slug but do no damage.
The dart slug closely misses you.
You hit the dart slug but do no damage. The dart slug barely misses you.
You hit the dart slug. You hit the dart slug.
The dart slug stops glowing.
The dart slug completely misses you.
You hit the dart slug. The dart slug launches a dart at you.
The slug dart hits you!
You die...

#....................#
#...†................#
#....................#
#..###.........###...#
#J## ##.......## ##..#
#.# #.......# #..#
#.## ##.......## ##..#
#..###........$###...#
#.........@w.........#
#########............#
##############


You could see a dart slug.

Vanquished Creatures
  A frilled lizard (D:1)
  A goblin (D:1)
2 creatures vanquished.

Vanquished Creatures (others)
  An ooze (D:1)
1 creature vanquished.

Grand Total: 3 creatures vanquished

Notes
Turn   | Place    | Note
-------+----------+-------------------------------------------
     0 | D:1      | paralogiki the Spriggan Enchanter began the quest for the Orb.
     0 | D:1      | Reached XP level 1. HP: 9/9 MP: 5/5
    12 | D:1      | HP: 1/9 [dart slug/slug dart (7)]
   265 | D:1      | HP: 1/9 [ooze (2)]
   404 | D:1      | HP: 1/9 [dart slug/slug dart (4)]
   416 | D:1      | Killed from afar by a dart slug

Vault maps used:
D:1:      minmay_arrival_four_circles

Action                   || total
-------------------------++-------
Melee: Dagger            ||    25
 Cast: Corona            ||     2
Dodge: Dodged            ||    15

Table legend:
 A = Spawn XP
 B = Non-spawn XP
 C = Spawn XP percentage of total XP
 D = Spawn monster count
 E = Non-spawn monster count
 F = Spawn count percentage of total count
 G = Total turns spent on level
                    A         B        C        D         E        F      G
               +---------+---------+-------+---------+---------+-------+---------
         Total |       0 |       5 |   0.0 |       0 |       3 |   0.0 |   416
               +---------+---------+-------+---------+---------+-------+---------
           D:1 |       0 |       5 |   0.0 |       0 |       3 |   0.0 |   416
               +---------+---------+-------+---------+---------+-------+---------

Vault maps used:
D:1:      minmay_arrival_four_circles

Table legend:
 A = Turns spent in this place as a percentage of turns spent in the entire game.
 B = Non-inter-level travel turns spent in this place as a percentage of non-inter-level travel turns spent in the entire game.
 C = Inter-level travel turns spent in this place as a percentage of turns spent in this place.
 D = Turns resting spent in this place as a percentage of non-inter-level travel turns spent in this place.
 E = Turns spent auto-exploring this place as a percentage of non-inter-level travel turns spent in this place.
 F = Non-inter-level travel turns spent in this place divided by the number of levels of this place that you've seen.
                   A       B       C       D       E      F
               +-------+-------+-------+-------+-------+----------------------
         Total | 100.0 | 100.0 |   0.0 |  54.1 |   2.4 | 416.0
       Dungeon | 100.0 | 100.0 |   0.0 |  54.1 |   2.4 | 416.0
               +-------+-------+-------+-------+-------+----------------------

Table legend:
 A = Kills in this place as a percentage of kills in entire the game.
 B = Kills by you in this place as a percentage of kills by you in the entire game.
 C = Kills by friends in this place as a percentage of kills by friends in the entire game.
 D = Other kills in this place as a percentage of other kills in the entire game.
 E = Experience gained in this place as a percentage of experience gained in the entire game.
 F = Experience gained in this place divided by the number of levels of this place that you have seen.
                   A       B       C       D       E      F
               +-------+-------+-------+-------+-------+----------------------
         Total | 100.0 | 100.0 |   N/A | 100.0 | 100.0 |   5.0
       Dungeon | 100.0 | 100.0 |   N/A | 100.0 | 100.0 |   5.0
               +-------+-------+-------+-------+-------+----------------------
